[Event "*** Titled Tuesday 3|2 Blitz"]
[Site "Chess.com"]
[Date "2016.01.05"]
[Round "4"]
[White "GMCanty"]
[Black "Aygehovit1992"]
[Result "1-0"]
[WhiteElo "2224"]
[BlackElo "2404"]
[TimeControl "180+2"]
[EndTime "11:46:46 PST"]
[Termination "GMCanty won by resignation"]

1. e4 d6 2. d4 g6 3. Nc3 a6 4. Nf3 b5 5. a3 Bb7 6. Bd3 Nf6 7. Qe2 Bg7 8. O-O O-O 9. Bg5 Nbd7 10. e5 Bxf3 11.
gxf3 dxe5 12. dxe5 Nh5 13. e6 Ndf6 14. exf7+ Rxf7 15. Rad1 Qc8 16. Kg2 c5 17. Ne4 Nd5 18. Qd2 c4 19.
Bxc4 Nhf4+ 20. Bxf4 Nxf4+ 21. Qxf4 Qxc4 22. Qd2 Raf8 23. b3 Qc8 24. Qd5 h6 25. Nc5 e6 26. Nxe6 Rf5 27.
Qd7 Qxd7 28. Rxd7 R8f7 29. Rfd1 Rxf3 30. Rxf7 Rxf7 31. Rd8+ Kh7 32. Ra8 Be5 33. Rxa6 Re7 34. Nf8+ Kg8 35. Nxg6 Rg7 36. Kh3 Bd4 37. f4 Kh7 38. f5 Rc7 39. Rd6 Rc3+ 40. Kg4 Bc5 41. Rd7+ Kg8 42. f6 1-0

[Event "*** Titled Tuesday 3|2 Blitz"]
[Site "Chess.com"]
[Date "2016.01.05"]
[Round "4"]
[White "swayamsm"]
[Black "AvitalBor"]
[Result "1-0"]
[WhiteElo "2541"]
[BlackElo "2342"]
[TimeControl "180+2"]
[EndTime "11:46:57 PST"]
[Termination "swayamsm won by resignation"]

1. d4 Nf6 2. c4 e6 3. Nc3 Bb4 4. e3 O-O 5. Ne2 Re8 6. a3 Bf8 7. d5 exd5 8. cxd5 d6 9. g3 Bg4 10. Bg2 Nbd7 11. h3 Bf5 12. g4 Bg6 13. O-O Ne4 14.
Nxe4 Bxe4 15. f3 Bg6 16. e4 Be7 17. f4 h6 18. Be3 Bh4 19. Qd3 f6 20. Rac1 b6 21.
b4 Qe7 22. Rxc7 Bxe4 23. Bxe4 Qxe4 24. Qxe4 Rxe4 25. Rxd7 Rxe3 26. Nd4 Rxh3 27. Nf5 Re8 28. Kg2 Rd3 29. Nxh4 Rxd5 30. Nf5 Rd3 31. Rxg7+ Kf8 32.
Rh7 Re2+ 33. Rf2 Re1 34. Rxh6 Kf7 35. Rh7+ Ke8 36. Rxa7 Rdd1 37. Rc2 Rg1+ 38. Kf3 Kd8 39. Rh2 Rgf1+ 40. Rf2 Rh1 41. Ng3 Rh3 42. Kg2 Rh4 43. g5 1-0

[Event "*** Titled Tuesday 3|2 Blitz"]
[Site "Chess.com"]
[Date "2016.01.05"]
[Round "4"]
[White "TomsKantans"]
[Black "ER404"]
[Result "1-0"]
[WhiteElo "2330"]
[BlackElo "2128"]
[TimeControl "180+2"]
[EndTime "11:46:59 PST"]
[Termination "TomsKantans won by checkmate"]

1. e4 c5 2. Nf3 Nc6 3. d4 cxd4 4. Nxd4 e5 5. Nb5 d6 6. c4 Be7 7. g3 f5 8. Bg2 Nf6 9. exf5 Bxf5 10. O-O O-O 11.
N1c3 a6 12. Na3 Qd7 13. Nd5 Bd8 14. Bg5 Nd4 15. Bxf6 gxf6 16. Qd2 Bh3 17. Nc2 Bxg2 18. Kxg2 Ne6 19. a4 f5 20. f4 Rc8 21. b3 exf4 22. Nxf4 Nxf4+ 23. Qxf4 Qc6+ 24. Qf3 Qe4 25. Ne3 Re8 26. Nxf5 Bb6 27. Rae1 Qxe1 28. Nh6+ Kh8 29. Qf6# 1-0

[Event "*** Titled Tuesday 3|2 Blitz"]
[Site "Chess.com"]
[Date "2016.01.05"]
[Round "4"]
[White "Moltini"]
[Black "Matibar"]
[Result "0-1"]
[WhiteElo "2169"]
[BlackElo "2408"]
[TimeControl "180+2"]
[EndTime "11:47:12 PST"]
[Termination "Matibar won by resignation"]

1. d4 e6 2. c4 Bb4+ 3. Bd2 a5 4.
Nf3 Nf6 5. g3 Nc6 6. Bg2 Ne4 7.
O-O Nxd2 8. Nbxd2 d5 9. cxd5 exd5 10. a3 Be7 11. Qb3 a4 12. Qd3 O-O 13. Rac1 Ra6 14. Rc3 Rb6 15. b3 axb3 16. Rxb3 Rxb3 17. Qxb3 Na5 18. Qc3 c6 19. Ne5 f6 20. Nd3 b5 21.
e4 Nc4 22. exd5 cxd5 23. Nf4 Nb6 24. Qc6 Bd7 25. Qb7 Bxa3 26. Nxd5 Nxd5 27. Qxd5+ Kh8 28. Be4 f5 29. Bb1 Be7 30. Nf3 Be8 31. Qe5 Bd6 32. Qd5 Be7 33. Qe5 Bc6 34. Nd2 Qd5 35. Qxd5 Bxd5 36. Rc1 Bg5 37. f4 Bf6 38. Rc7 Bxd4+ 39.
Kf1 Bg8 40. Ke2 b4 41. Nf3 Bc3 42. Nh4 g6 43. Nf3 Re8+ 44. Kd3 Rd8+ 45. Ke3 Re8+ 46. Kd3 Bf6 47. Rb7 Bd5 0-1

[Event "*** Titled Tuesday 3|2 Blitz"]
[Site "Chess.com"]
[Date "2016.01.05"]
[Round "4"]
[White "pedromartinez91"]
[Black "saraswathii"]
[Result "1-0"]
[WhiteElo "2054"]
[BlackElo "1877"]
[TimeControl "180+2"]
[EndTime "11:47:32 PST"]
[Termination "pedromartinez91 won on time"]

1. c4 e5 2. Nc3 Nf6 3. g3 Bc5 4. Bg2 d6 5. e3 Nc6 6. Nge2 O-O 7. O-O Bg4 8. h3 Bh5 9. d3 Qd7 10. a3 a5 11. Kh2 Bg6 12. d4 Bb6 13. b3 Rfe8 14. Bb2 Re7 15. Nd5 Nxd5 16. cxd5 Na7 17. a4 Rae8 18. Rc1 e4 19. Nf4 Bf5 20. Qh5 c6 21. dxc6 bxc6 22. d5 c5 23. Rfd1 Bg6 24. Qh4 Nc8 25. Bf1 Qd8 26. Bb5 Rf8 27. Nh5 Bxh5 28. Qxh5 f5 29. Qg5 Ref7 30. Qxd8 Rxd8 31. h4 Rdf8 32. h5 Bd8 33. Kg2 Bf6 34. Bxf6 Rxf6 35.
Bd7 Ne7 36. Be6+ Kh8 37. Bd7 Rd8 38. Bb5 1-0

[Event "*** Titled Tuesday 3|2 Blitz"]
[Site "Chess.com"]
[Date "2016.01.05"]
[Round "4"]
[White "pKiLz5Rn9b"]
[Black "AsafGivon"]
[Result "1/2-1/2"]
[WhiteElo "2349"]
[BlackElo "2274"]
[TimeControl "180+2"]
[EndTime "11:47:36 PST"]
[Termination "Game drawn by agreement"]

1. e4 e5 2. Nf3 Nc6 3. Bc4 Bc5 4.
c3 Nf6 5. d3 d6 6. Nbd2 a6 7. h3 Be6 8. Bb3 Qd7 9. Qe2 O-O-O 10.
Nf1 h6 11. Be3 Bxe3 12. fxe3 d5 13. exd5 Nxd5 14. O-O-O f6 15. Ng3 Kb8 16. Rhe1 Nb6 17. Qc2 Na5 18. Bxe6 Qxe6 19. Kb1 c5 20. d4 cxd4 21.
exd4 Nc6 22. dxe5 fxe5 23. Qe4 Nd5 24. Nd4 Nxd4 25. cxd4 Ka8 26. dxe5 Rhe8 27. Qd4 Qg6+ 28. Ne4 Nc3+ 29. Qxc3 Rxd1+ 30. Rxd1 Qxe4+ 31. Qd3 Qxe5 1/2-1/2

[Event "*** Titled Tuesday 3|2 Blitz"]
[Site "Chess.com"]
[Date "2016.01.05"]
[Round "4"]
[White "Hikaru"]
[Black "Zlatan56"]
[Result "1-0"]
[WhiteElo "2906"]
[BlackElo "2565"]
[TimeControl "180+2"]
[EndTime "11:47:37 PST"]
[Termination "Hikaru won by resignation"]

1. d4 Nf6 2. Bf4 g6 3. Nc3 Bg7 4. e4 d6 5. Qd2 Nc6 6. d5 e5 7. Bh6 Bxh6 8. Qxh6 Nd4 9. Qd2 O-O 10. Nge2 Nxe2 11.
Bxe2 Kg7 12. O-O Qe7 13. Bc4 Nh5 14. a4 f5 15. a5 a6 16. f3 f4 17. b4 g5 18. Be2 Nf6 19. g4 h5 20. h3 Rh8 21.
Kg2 Bd7 22. Nd1 hxg4 23. hxg4 Rh4 24. Nf2 Rah8 25. Rh1 Kg6 26. Rxh4 Rxh4 27. Rh1 Qh7 28. Rxh4 Qxh4 29. Qd3 Qh7 30. c4 Be8 31. Qc3 Qd7 32.
b5 Qc8 33. c5 dxc5 34. bxa6 bxa6 35. Qxe5 Bd7 36. Qe7 1-0

[Event "*** Titled Tuesday 3|2 Blitz"]
[Site "Chess.com"]
[Date "2016.01.05"]
[Round "4"]
[White "Maitreia"]
[Black "nijat_a"]
[Result "0-1"]
[WhiteElo "2462"]
[BlackElo "2666"]
[TimeControl "180+2"]
[EndTime "11:47:41 PST"]
[Termination "nijat_a won by resignation"]

1. c4 c5 2. g3 Nc6 3. Bg2 g6 4. Nc3 Bg7 5. Nf3 d6 6. O-O e6 7.
d3 Nge7 8. a3 O-O 9. Rb1 b6 10.
Bd2 Bb7 11. b4 Qd7 12. e3 Rfd8 13. Qb3 Nf5 14. Rfd1 Ncd4 15. Nxd4 cxd4 16. Ne2 dxe3 17. Bxe3 Nxe3 18. fxe3 Bh6 19. d4 Bxg2 20. Kxg2 Qc6+ 21. d5 exd5 22. Rxd5 Rac8 23. Rc1 Re8 24. Nf4 Bxf4 25. gxf4 Qxd5+ 26. cxd5 Rxc1 27. Kf2 Rh1 28. Qa4 Re7 29. Qc6 Rxh2+ 30. Kg1 Re2 31. Qxd6 R7xe3 32. Qd8+ Kg7 33.
Kf1 Rd2 34. f5 Rf3+ 35. Ke1 Rd4 36. d6 Rxf5 37. Qc7 Rfd5 38. Qxa7 Rxd6 39. Qc7 h5 40.
a4 h4 41. Qc3 h3 42. Qxh3 Rxb4 43. Qc3+ Rdd4 44. Ke2 Kh7 45. Qc7 Re4+ 46. Kf3 Rf4+ 47. Kg3 Rxa4 48. Qxb6 Rfb4 49. Qe3 Rg4+ 50. Kh3 Rh4+ 51.
Kg3 Rag4+ 52. Kf2 Rh2+ 53. Kf1 Ra4 54. Qc3 Ra1+ 0-1

[Event "*** Titled Tuesday 3|2 Blitz"]
[Site "Chess.com"]
[Date "2016.01.05"]
[Round "4"]
[White "wilju"]
[Black "VSERGUEI"]
[Result "0-1"]
[WhiteElo "1833"]
[BlackElo "2428"]
[TimeControl "180+2"]
[EndTime "11:47:57 PST"]
[Termination "VSERGUEI won by checkmate"]

1. e4 e6 2. d4 d5 3. Nd2 Nf6 4. e5 Nfd7 5. Bd3 c5 6. c3 Nc6 7. Ne2 cxd4 8. cxd4 f6 9. f4 fxe5 10. fxe5 Nxd4 11. O-O Bc5 12. Kh1 Nxe5 13. Nxd4 Bxd4 14. Nb3 Nxd3 15. Nxd4 Nxc1 16. Qh5+ g6 17. Qe5 Rf8 18. Rxf8+ Kxf8 19. Qh8+ Ke7 20. Qxh7+ Kd6 21. Rxc1 Bd7 22. Qxg6 Qf8 23. Qg3+ Ke7 24. Qb3 Rc8 25. Re1 Qf2 26. Qb4+ Kf7 27. h3 Rc4 28. Qa5 b6 29. Qxa7 Qxe1+ 30. Kh2 Qe5+ 31. Kg1 Qxd4+ 32. Kh2 Qf4+ 33. Kg1 Rc1# 0-1

[Event "*** Titled Tuesday 3|2 Blitz"]
[Site "Chess.com"]
[Date "2016.01.05"]
[Round "4"]
[White "AdrianaNikolova"]
[Black "Quiet_Desperation"]
[Result "1-0"]
[WhiteElo "2180"]
[BlackElo "2108"]
[TimeControl "180+2"]
[EndTime "11:48:03 PST"]
[Termination "AdrianaNikolova won on time"]

1. e4 e6 2. d4 d5 3. Nd2 Nf6 4. e5 Nfd7 5. c3 c5 6. f4 Nc6 7. Ndf3 Qb6 8. a3 Be7 9. b4 cxd4 10.
cxd4 O-O 11. Bd3 f6 12. Bb2 fxe5 13. fxe5 a5 14. b5 Na7 15. a4 Bb4+ 16. Kf1 Qd8 17. g3 Nb6 18. Kg2 Nc4 19. Bc1 Bd7 20.
Qc2 Rc8 21. Bxh7+ Kh8 22. Qg6 Be8 23. Qxe6 Kxh7 24. Ng5+ Qxg5 25. Bxg5 Bg6 26. Nf3 Be4 27. Rhf1 Bd2 28. Kg1 Bxf3 29. Rxf3 Rxf3 30. Qxd5 Rff8 31.
Bxd2 Nxd2 32. Qxb7 Nf3+ 33. Kg2 Rc2+ 34. Kh3 Rxh2+ 35.
Kg4 Nxd4 36. Qe4+ Nf5 37. Rf1 g6 38. Qb7+ Kh6 39. Qxa7 1-0

[Event "*** Titled Tuesday 3|2 Blitz"]
[Site "Chess.com"]
[Date "2016.01.05"]
[Round "4"]
[White "Fandorine"]
[Black "FairChess_on_YouTube"]
[Result "0-1"]
[WhiteElo "2546"]
[BlackElo "2738"]
[TimeControl "180+2"]
[EndTime "11:48:16 PST"]
[Termination "FairChess_on_YouTube won by resignation"]

1. e4 c5 2. b3 g6 3. Bb2 Nf6 4. Qf3 Nc6 5. e5 Nh5 6. e6 f6 7.
exd7+ Bxd7 8. Bc4 Qc7 9. Nc3 Nd4 10. Qd1 Nf4 11. g3 Bc6 12. f3 Nfe6 13. Kf2 O-O-O 14.
a4 Bh6 15. d3 Qe5 16. Qe1 Rhf8 17. Nb5 a6 18. Na7+ Kc7 19. Nxc6 Kxc6 20. c3 Nc2 21. Qxe5 fxe5 22. Rf1 Ng5 23. h4 Nxf3 24. Nxf3 e4 25.
Ke2 exf3+ 26. Rxf3 Rxf3 27. Kxf3 b5 28. axb5+ axb5 29. Be6 Rxd3+ 30. Kg4 Ne3+ 31. Kh3 Nf5 32. Rg1 Bf4 33.
Kg4 Bxg3 34. Bxf5 gxf5+ 35. Kxf5 Bxh4 36. Rh1 Bf6 37. Rxh7 b4 38. cxb4 Bxb2 39. bxc5 Bf6 40. b4 Rd4 0-1

[Event "*** Titled Tuesday 3|2 Blitz"]
[Site "Chess.com"]
[Date "2016.01.05"]
[Round "4"]
[White "stefanodinn"]
[Black "BIG_Pirate"]
[Result "1-0"]
[WhiteElo "2155"]
[BlackElo "2195"]
[TimeControl "180+2"]
[EndTime "11:48:19 PST"]
[Termination "stefanodinn won on time"]

1. e4 d5 2. exd5 Qxd5 3. Nc3 Qa5 4. d4 Nf6 5. Nf3 Bg4 6. h3 Bh5 7. g4 Bg6 8. Ne5 e6 9. Nc4 Qa6 10. Bf4 Qc6 11. Rg1 Bb4 12. a3 Bxc3+ 13. bxc3 Nbd7 14.
Bd3 Nd5 15. Bd2 O-O-O 16. Qf3 f6 17. Kf1 N7b6 18. Na5 Qa4 19. c4 Bxd3+ 20. cxd3 Qc2 21. Be1 Qb2 22. Rd1 Nc3 23. Qxb7+ Kd7 24. Qc6+ Ke7 25. Bxc3 Qxc3 26. Qxc7+ Rd7 27. Nc6+ Kf7 28. Qf4 g5 29. Qf3 Kg7 30. Kg2 Rc8 31. Rge1 Rd6 32. d5 exd5 33. Ne7 Rcd8 34. Nf5+ Kg6 35. Nxd6 Rxd6 36. Re7 1-0

[Event "*** Titled Tuesday 3|2 Blitz"]
[Site "Chess.com"]
[Date "2016.01.05"]
[Round "4"]
[White "aspired"]
[Black "Malev212"]
[Result "1-0"]
[WhiteElo "2387"]
[BlackElo "2268"]
[TimeControl "180+2"]
[EndTime "11:48:25 PST"]
[Termination "aspired won by checkmate"]

1. d4 Nf6 2. Nc3 c5 3. e3 e6 4. Nge2 d5 5. g3 Nc6 6. Bg2 h5 7. b3 h4 8. Bb2 h3 9. Bf3 e5 10. Rg1 cxd4 11. exd4 e4 12. Bh1 Ng4 13. Qd2 Nxh2 14. O-O-O Bg4 15. Qe3 Nf3 16. Rgf1 Rc8 17. Nf4 Ne7 18. Nfxd5 Nh2 19. Qxe4 Bf5 20. Qe2 Nxf1 21.
Rxf1 Be6 22. Nf4 Rh6 23. d5 Bf5 24. Re1 h2 25. Ne4 g5 26. Nd3 Bxe4 27. Qxe4 Qc7 28.
c4 Kd8 29. Kb1 Qd7 30. Ne5 Qe8 31. Ba3 f5 32. Qd3 Bg7 33. d6 Nc6 34. d7 Qe6 35. Nxc6+ Rxc6 36. Rxe6 Rcxe6 37. Kc2 f4 38. Qd5 Re2+ 39.
Kd3 Rhe6 40. Qxb7 Rxf2 41. Qc8# 1-0

[Event "*** Titled Tuesday 3|2 Blitz"]
[Site "Chess.com"]
[Date "2016.01.05"]
[Round "4"]
[White "GargleBlaster"]
[Black "tac49"]
[Result "0-1"]
[WhiteElo "2208"]
[BlackElo "2465"]
[TimeControl "180+2"]
[EndTime "11:48:55 PST"]
[Termination "tac49 won on time"]

1. e4 f6 2. d4 g6 3. Nc3 Nh6 4. h4 Bg7 5. h5 d6 6. hxg6 hxg6 7.
Bd3 Nc6 8. e5 dxe5 9. Bxg6+ Kf8 10. d5 Nd4 11. Be3 c5 12. Nf3 Bg4 13. Bxh6 Bxf3 14.
Qd2 Bxg2 15. O-O-O Bxh1 16. Rxh1 Nf3 17. Qe3 Ng5 18.
Bxg7+ Kxg7 19. Rxh8 Qxh8 20. Be4 Qh4 21. b3 Qf4 22. Kb2 Qxe3 23. fxe3 Rh8 24. d6 exd6 25.
Bxb7 f5 26. Nb5 Rb8 27. Nxd6 Kf6 28. Bg2 e4 29. Kc3 Nf3 30. Kc4 Rg8 31. Bh3 Nh4 32.
Kxc5 Rg3 33. Bf1 Rxe3 34. c4 Re1 35. Bh3 Rh1 36. Bxf5 Nxf5 37. Nxe4+ Ke5 38. Nc3 Nd4 39. Nd5 Ra1 40. Nb4 a5 41. Nd3+ Ke4 42. Nf2+ Kf3 43. Nd3 Ke3 44. Ne5 Rxa2 45. Ng4+ Kf4 0-1

[Event "*** Titled Tuesday 3|2 Blitz"]
[Site "Chess.com"]
[Date "2016.01.05"]
[Round "4"]
[White "Frolyanov_D"]
[Black "Danirod"]
[Result "1-0"]
[WhiteElo "2487"]
[BlackElo "2384"]
[TimeControl "180+2"]
[EndTime "11:49:06 PST"]
[Termination "Frolyanov_D won by resignation"]

1. e4 c5 2. Nf3 g6 3. d4 cxd4 4. Nxd4 Bg7 5. Be2 Nc6 6. Nb3 Nf6 7. Nc3 d6 8. O-O O-O 9. Re1 Be6 10. Bf1 Rc8 11. Nd5 Bxd5 12. exd5 Nb4 13. c4 b5 14.
a3 bxc4 15. axb4 cxb3 16. Qxb3 Rc7 17. Be3 Qb8 18. Ra5 Ng4 19. Bg5 Rb7 20. b5 Nf6 21. h3 Rc8 22. Be3 Ne4 23. Rea1 Nc5 24. Qa3 Be5 25. Ra2 h5 26. b4 Ne4 27. Rxa7 Nc3 28. Rxb7 Qxb7 29. Qa6 Rb8 30. Qxb7 Rxb7 31. Ra8+ Kg7 32. b6 Nxd5 33. Ba6 Rxb6 34. Bxb6 Nxb6 35.
Rb8 Bd4 36. Kf1 Kf6 37. Rb7 e5 38. f3 Ke6 39. Ke2 f5 40. Bd3 d5 41. Bb1 e4 42. Ba2 Ke5 43. g4 hxg4 44. hxg4 fxg4 45. fxg4 Kf4 46. Rb8 g5 47. Rd8 Ke5 48. b5 Bc5 49. Re8+ Kd4 50. Re6 Kc3 51. Re5 Kd4 52. Rxg5 Bb4 53. Rf5 Nc4 54. Bxc4 dxc4 55. b6 c3 56. b7 Bd6 57. Rf6 Be5 58. Rc6 e3 59.
g5 Ke4 60. g6 c2 61. Rxc2 Kf5 62. Rc5 1-0

[Event "*** Titled Tuesday 3|2 Blitz"]
[Site "Chess.com"]
[Date "2016.01.05"]
[Round "4"]
[White "KNVB"]
[Black "jup1978"]
[Result "1-0"]
[WhiteElo "2401"]
[BlackElo "2218"]
[TimeControl "180+2"]
[EndTime "11:49:13 PST"]
[Termination "KNVB won by resignation"]

1. d4 d5 2. Bf4 c6 3. Nf3 Nf6 4. e3 Bg4 5. Nbd2 Qb6 6. Be2 Nbd7 7. h3 Bxf3 8. Bxf3 e6 9. O-O Be7 10. c4 O-O 11. Qc2 Rfe8 12. Rfd1 Bf8 13. Be2 Rac8 14.
c5 Qd8 15. Nf3 Ne4 16. Bd3 f5 17. Ne5 Nxe5 18. Bxe5 Be7 19. f3 Nf6 20. b4 a6 21.
a4 Nd7 22. Bh2 Bf6 23. b5 axb5 24. axb5 g6 25. Ra7 e5 26. Bf1 Qc7 27. bxc6 Qxc6 28. Qb3 exd4 29. exd4 Nxc5 30. Qb1 Ne6 31. Kh1 Re7 32.
Bg1 Qc2 33. Rxb7 Qxb1 34. Rbxb1 Kg7 35. Rb5 Rd7 36. Bf2 Rcc7 37. Kg1 Rb7 38. g3 Rxb5 39. Bxb5 Rc7 40. f4 h5 41. h4 Kf7 42. Kf1 Ke7 43.
Rd2 Rb7 44. Be2 Rb1+ 45. Kg2 Rb4 46. Bf3 Kd6 47. Ra2 Nxd4 48. Bxd4 Bxd4 49. Ra6+ Rb6 50. Rxb6+ Bxb6 51. Kf1 Ba5 52. Bd1 d4 53. Ke2 Bc3 54. Ba4 Ke7 55. Bb5 Bb2 56. Bc4 Bc1 57. Bb5 Be3 58. Bc4 Bg1 59. Bb5 Kd6 60. Be8 Bh2 61. Kf2 d3 62. Bxg6 Kd5 63. Kg2 Bxg3 64. Kxg3 Ke4 65. Bxh5 d2 66. Bd1 Kd5 67. h5 Ke6 68.
Kf2 Kf6 69. Ke3 Kg7 70. Kxd2 Kh6 71. Ke3 1-0

[Event "*** Titled Tuesday 3|2 Blitz"]
[Site "Chess.com"]
[Date "2016.01.05"]
[Round "4"]
[White "volodja49"]
[Black "Cats4Sale"]
[Result "1-0"]
[WhiteElo "2294"]
[BlackElo "2198"]
[TimeControl "180+2"]
[EndTime "11:49:19 PST"]
[Termination "volodja49 won by resignation"]

1. d4 Nf6 2. c4 e6 3. Nc3 Bb4 4. f3 Bxc3+ 5. bxc3 d6 6. e4 e5 7. Be3 Nc6 8. d5 Ne7 9. c5 O-O 10. c4 b6 11. c6 Ng6 12. Ne2 Nh5 13. g3 f5 14. exf5 Bxf5 15. Bg2 e4 16. f4 Bg4 17. O-O Qc8 18. Qd2 Bf3 19. Nd4 Bxg2 20. Qxg2 Qg4 21. Ne6 Rf7 22. Rae1 Re8 23. Bd4 Rxe6 24. dxe6 Qxe6 25.
Qxe4 Qxc4 26. f5 Ne7 27. g4 Nxc6 28. Ba1 Qxe4 29. Rxe4 Nf6 30. Rc4 Ne5 31. Bxe5 dxe5 32. h3 c5 33. Rd1 h6 34. Rc2 e4 35. Kf2 Re7 36. Ke3 Re5 37. Rcd2 h5 38. Kf4 Re7 39.
g5 Ne8 40. Re2 Nc7 41. Rxe4 Kf7 42. g6+ Ke8 43. Rd6 Nb5 44. Rde6 Rxe6 45. Rxe6+ Kf8 46.
Rc6 Ke7 47. Rc8 Nd4 48. Rg8 Kd6 49. Rxg7 c4 50. Rg8 c3 51. Rc8 Nc6 52. Ke3 Kd7 53.
Rxc6 1-0

[Event "*** Titled Tuesday 3|2 Blitz"]
[Site "Chess.com"]
[Date "2016.01.05"]
[Round "4"]
[White "yurisolo"]
[Black "GianmarcoVaR"]
[Result "1/2-1/2"]
[WhiteElo "2462"]
[BlackElo "2276"]
[TimeControl "180+2"]
[EndTime "11:49:20 PST"]
[Termination "Game drawn by repetition"]

1. e4 c6 2. d4 d5 3. exd5 cxd5 4. c4 Nf6 5. Nc3 e6 6. Nf3 Bb4 7. cxd5 Nxd5 8. Qc2 Nc6 9. Bd3 Ba5 10. a3 Nf6 11. O-O O-O 12. Rd1 h6 13. Bc4 Ne7 14. Bf4 Ng6 15.
Be3 Bd7 16. Ne5 Ne7 17. Ne4 Nfd5 18. Nd6 Rb8 19. Bxh6 Bc6 20. Ndxf7 Rxf7 21. Nxf7 Kxf7 22. Bg5 Qh8 23. b4 Bc7 24. h4 Bf4 25. b5 Bxg5 26. hxg5 Bd7 27. Qe4 Qh5 28. Qf3+ Qxf3 29. gxf3 Kg6 30.
a4 Kxg5 31. Rac1 b6 32. Bxd5 Nxd5 33. Re1 Rf8 34. Re5+ Rf5 35. Rxf5+ Kxf5 36. Kg2 Kf6 37. Kg3 Ke7 38. f4 Kd6 39. Kf3 Ne7 40. Ke4 Bc8 41.
Kd3 Bb7 42. Rg1 Nf5 43. Rg5 Bf3 44. Rg1 Bd5 45. Re1 Bb3 46. Ra1 Kd5 47. Kc3 Bc4 48.
Re1 Ba2 49. Ra1 Bc4 50. Re1 Ba2 51. Ra1 Bc4 52. Re1 1/2-1/2

[Event "*** Titled Tuesday 3|2 Blitz"]
[Site "Chess.com"]
[Date "2016.01.05"]
[Round "4"]
[White "gumersindo"]
[Black "Haridaskesavan"]
[Result "1-0"]
[WhiteElo "2288"]
[BlackElo "2106"]
[TimeControl "180+2"]
[EndTime "11:49:25 PST"]
[Termination "gumersindo won by resignation"]

1. d4 Nf6 2. c4 d6 3. Nc3 Nbd7 4. e4 e5 5. Nf3 Be7 6. Be2 O-O 7. O-O Re8 8. Re1 c6 9. Qc2 Qc7 10. b3 Bf8 11. Bb2 a6 12. Rad1 c5 13. dxe5 Nxe5 14. Nd5 Nxd5 15. Rxd5 Be6 16. Rd2 Nxf3+ 17. Bxf3 Rad8 18.
Red1 b5 19. Be2 b4 20. Bf3 a5 21. Qd3 Bd7 22. Qe3 Bc6 23. Qf4 f6 24. h4 a4 25.
h5 axb3 26. axb3 Qb7 27. Re2 h6 28. Rde1 Qa6 29. Bg4 Bd7 30. Bxd7 Rxd7 31. Qg4 Rf7 32. Re3 Qc8 33. Qf4 Qe6 34. g4 Ra7 35. R1e2 Rae7 36.
Kg2 Qf7 37. Qf5 Re6 38. Rd2 Qb7 39. Rd5 Qa6 40. Rd2 Qb7 41. f3 Qa6 42. Qd5 Qa8 43. Re1 Qxd5 44. Rxd5 Kf7 45. Ra1 R6e7 46. Ra6 Rd7 47. Bc1 Rc8 48. Bf4 Ke6 49. Be3 Rcc7 50.
Bxc5 Rc8 51. Bxb4 Rb8 52. Rb5 Rxb5 53. cxb5 Rb7 54. b6 Kd7 55. Ra7 Kc6 56. Rxb7 Kxb7 57.
f4 Kxb6 58. e5 fxe5 59. fxe5 Kb5 60. Bxd6 Bxd6 61. exd6 Kc6 62. Kf3 Kxd6 63. Kf4 Kc5 64. Kf5 1-0

[Event "*** Titled Tuesday 3|2 Blitz"]
[Site "Chess.com"]
[Date "2016.01.05"]
[Round "4"]
[White "ajkom197"]
[Black "BellJackson95"]
[Result "1/2-1/2"]
[WhiteElo "2202"]
[BlackElo "2268"]
[TimeControl "180+2"]
[EndTime "11:49:28 PST"]
[Termination "Game drawn by agreement"]

1. c4 Nf6 2. g3 c5 3. Bg2 Nc6 4. e3 g6 5. Ne2 Bg7 6. O-O O-O 7. Nbc3 e6 8. d4 cxd4 9. exd4 d5 10. cxd5 exd5 11.
Bg5 Be6 12. Nf4 Ne7 13. Nxe6 fxe6 14. Re1 h6 15. Bxf6 Rxf6 16. Qb3 b6 17. Re2 Nf5 18. Qa4 Kh7 19. Rae1 Qg8 20. Bh3 a5 21. Bxf5 gxf5 22. Qc6 Qc8 23. Qxc8 Rxc8 24. Rxe6 Rxe6 25. Rxe6 Bxd4 26.
Nxd5 Rc2 27. Re7+ Kg8 28. Kg2 Rxf2+ 29. Kh3 Rxb2 30. a4 Ra2 31. Re6 Rxa4 32. Nxb6 Bxb6 33.
Rxb6 Kg7 34. Ra6 Ra2 35. Rb6 a4 36. Ra6 a3 37. Ra5 Kf6 38. Ra6+ Kg5 39. Ra5 h5 40. Ra4 Ra1 41. Kg2 Ra2+ 42. Kf3 Rxh2 43. Rxa3 Rb2 44.
Ra4 Rb3+ 45. Kg2 Rd3 46. Ra8 Rd2+ 47. Kf3 Rd3+ 48. Kg2 Rd2+ 49. Kf3 Rh2 50. Rg8+ Kf6 51. Ra8 Rh1 52. Ra6+ Kg5 53. Ra8 Rh2 54. Rg8+ Kf6 55. Ra8 h4 56. gxh4 Rh3+ 57. Kf2 Rxh4 58. Ra3 Kg5 59.
Rb3 Rh2+ 60. Kg3 Rc2 61. Kf3 Rc4 62. Ra3 Rf4+ 63. Kg3 Rg4+ 64. Kf3 Rh4 65. Kg3 f4+ 66. Kg2 Rg4+ 67. Kf2 Rh4 68. Ra8 Rh3 69. Rg8+ Kf5 70. Rf8+ Ke5 71. Re8+ Kf5 72. Rf8+ Ke4 73. Re8+ Kd4 74.
Rd8+ Ke5 75. Re8+ Kd6 76. Rd8+ Ke7 77. Rd4 1/2-1/2

[Event "*** Titled Tuesday 3|2 Blitz"]
[Site "Chess.com"]
[Date "2016.01.05"]
[Round "4"]
[White "Cecile_Haussernot"]
[Black "jk13"]
[Result "1-0"]
[WhiteElo "2212"]
[BlackElo "2204"]
[TimeControl "180+2"]
[EndTime "11:49:31 PST"]
[Termination "Cecile_Haussernot won by resignation"]

1. e4 e6 2. d4 d5 3. Nc3 Bb4 4.
Ne2 Nc6 5. a3 Ba5 6. Be3 Nge7 7.
Qd3 O-O 8. g3 e5 9. O-O-O dxe4 10.
Nxe4 exd4 11. Nxd4 Nxd4 12. Bxd4 Nc6 13. Qe3 Nxd4 14.
Rxd4 Qe7 15. Rd1 Re8 16. Bg2 Bf5 17. Nc5 Qxe3+ 18. fxe3 Rxe3 19. Rhf1 Bg6 20. Bxb7 Rb8 21. b4 Bb6 22. Na6 Rf8 23. Kb2 Re2 24. Rc1 Be3 25. Rce1 Rxc2+ 26. Kb3 Bd4 27. Be4 Rc3+ 28. Ka4 Bxe4 29.
Rxe4 Bb6 30. Rfe1 g6 31. Re7 Kg7 32. R7e4 h5 33. Rf4 Rc2 34. h4 Rc3 35. Re7 Rxg3 36. Nxc7 Kg8 37. Nd5 Kg7 38. Rf1 Bd4 39. Nf4 Kg8 40. Rd7 Bb2 41. Nd5 Rxa3+ 42. Kb5 Bg7 43. Ne7+ Kh7 44. Nc6 f5 45. Rxa7 Rxa7 46. Nxa7 f4 47. Nc6 f3 48. Kc4 Rf4+ 49. Kd5 Rf5+ 50. Kc4 Bf8 51. Nd4 Rf4 52. Rxf3 Rxf3 53. Nxf3 Kg7 54.
Ng5 Be7 55. Nf3 Kf6 56. b5 Kf5 57. Kd5 Kf4 58. Nd4 Bxh4 59. b6 Bd8 60. b7 Bc7 61. Ne6+ 1-0

[Event "*** Titled Tuesday 3|2 Blitz"]
[Site "Chess.com"]
[Date "2016.01.05"]
[Round "4"]
[White "motivated_bishop"]
[Black "MateusViageiro"]
[Result "1-0"]
[WhiteElo "2274"]
[BlackElo "2241"]
[TimeControl "180+2"]
[EndTime "11:49:31 PST"]
[Termination "motivated_bishop won by resignation"]

1. d4 Nf6 2. c4 e6 3. Nc3 Bb4 4. Qc2 O-O 5. Nf3 b6 6. e4 d5 7. cxd5 exd5 8. e5 Ne4 9. Bd3 f5 10.
exf6 Nxf6 11. O-O Ba6 12. Bxa6 Nxa6 13. Qa4 Bxc3 14. bxc3 Nb8 15. Ba3 Re8 16. Rfe1 Nbd7 17. Rxe8+ Qxe8 18. Re1 Qg6 19. Qc6 Re8 20. Rxe8+ Qxe8 21.
Qxc7 Qe2 22. h3 Qxa2 23. Qd8+ Kf7 24. Qe7+ Kg6 25. Ne5+ Nxe5 26. dxe5 Qa1+ 27. Kh2 Qxc3 28. exf6 Qxf6 29. Qe8+ Qf7 30. Qc6+ Qf6 31. Qxd5 Qxf2 32.
Qd3+ Qf5 33. Qg3+ Qg5 34. Qd3+ Qf5 35. Qd6+ Qf6 36. Qc7 Qf7 37. Qg3+ Kf6 38. Bb2+ Ke6 39. Bxg7 Qf5 40. Qe3+ Kf7 41. Be5 h5 42. Bg3 Kg6 43.
Qe8+ Qf7 44. Qxf7+ Kxf7 45. Bb8 a6 46. Bc7 b5 47.
Ba5 Ke6 48. g4 hxg4 49. hxg4 Kd5 50. g5 Kc4 51. g6 b4 52. g7 Kb5 53. Bxb4 Kxb4 54.
g8=Q a5 55. Qa2 a4 56. Kg3 a3 57. Kf3 Ka4 58. Ke3 1-0

[Event "*** Titled Tuesday 3|2 Blitz"]
[Site "Chess.com"]
[Date "2016.01.05"]
[Round "4"]
[White "BahadirOzen"]
[Black "oskariot"]
[Result "1-0"]
[WhiteElo "2477"]
[BlackElo "2324"]
[TimeControl "180+2"]
[EndTime "11:49:41 PST"]
[Termination "BahadirOzen won by checkmate"]

1. d4 Nf6 2. Nf3 c5 3. e3 g6 4. Bd3 Bg7 5. O-O O-O 6. c3 cxd4 7. cxd4 d5 8. Nc3 Nc6 9. h3 Bf5 10. Bxf5 gxf5 11. Bd2 e6 12. Rc1 Rc8 13. Ne2 Ne4 14. Qb3 Qd7 15. Rfd1 Rc7 16. Rc2 Rfc8 17. Rdc1 Ne7 18.
Bb4 Nc6 19. Be1 Bf8 20. Nf4 Bd6 21. Nd3 f6 22. Nc5 Bxc5 23. dxc5 Ne5 24. Nxe5 fxe5 25. Qa3 a6 26. Ba5 Rc6 27. f3 Ng5 28. h4 Nf7 29.
Qd3 Qe7 30. Be1 e4 31. Qd4 Rd8 32. f4 e5 33. fxe5 Qxe5 34. Bc3 Qxd4 35. Bxd4 Nh6 36. b4 Kf7 37. a4 f4 38. b5 Rg6 39.
exf4 Nf5 40. h5 Rg4 41. Be5 d4 42. c6 bxc6 43. bxc6 d3 44. c7 Rc8 45. Rb2 e3 46.
Rd1 d2 47. Rdxd2 exd2 48. Rxd2 Ne7 49. Kf2 Ke6 50. Kf3 Rgg8 51. g4 Nd5 52. Rc2 Kd7 53. Rd2 Kc6 54. Rc2+ Kb7 55. Rb2+ Ka8 56. Rb8+ Ka7 57. Bd4+ Nb6 58. Bxb6# 1-0